 Dungeon Crawl Stone Soup version 0.31.0-32-g396128a36d (webtiles) character file.

Game seed: 12911544654445390459

51818 RUZZLEFAZAZZLE the Blocker (level 14, -1/108 (114) HPs)
             Began as a Gnoll Fighter on Feb 5, 2024.
             Was an Elder of Okawaru.
             Killed by divine providence
             ... invoked by a meliai
              (12 damage)
             ... on level 12 of the Dungeon on Mar 14, 2024.
             The game lasted 00:56:15 (19686 turns).

RUZZLEFAZAZZLE the Blocker (Gnoll Fighter)         Turns: 19686, Time: 00:56:15

HP:   -1/108 (114)  AC: 42    Str: 23    XL:     14   Next: 61%
MP:   27/27         EV:  8    Int:  7    God:    Okawaru [****..]
Gold: 627           SH: 21    Dex: 12    Spells: 32/32 levels left

rFire   . . .        e - +4 flail (protect)
rCold   + + .        J - +0 tower shield
rNeg    . . .        A - +0 plate armour "Yfokikk" {rPois rC+ Str+4}
rPois   +            c - +2 hat {Will+}
rElec   .            F - +2 cloak
rCorr   .            h - +2 pair of gloves
SInv    .            y - +2 pair of boots {rampage}
Will    ++...        I - amulet of reflection Stlth
                     k - ring of the Tortoise {AC+8}
HPRegen 0.38/turn    p - +4 ring of slaying
MPRegen 0.20/turn

%: reflection, rampage
@: under a protective aura, drained
A: fangs 1, strong nose, distributed training, horns 1, cold resistance 1, weak
1
a: Renounce Religion, Heroism, Finesse


You were on level 12 of the Dungeon.
You worshipped Okawaru.
Okawaru was greatly pleased with you.
You visited 4 branches of the dungeon, and saw 17 of its levels.
You also visited: Sewer.

You collected 1693 gold pieces.
You spent 1066 gold pieces at shops.

Inventory:

Hand Weapons
 a - a +3 hand axe of electrocution
 e - a +4 flail of protection (weapon)
 g - a +3 trident of draining
 n - a +4 dagger of venom
 L - the +3 Elemental Staff {ele, rElec rF+ rC+ AC+3}
   (You took it off a deep elf zephyrmancer on level 12 of the Dungeon)

   AC+3:      It affects your AC (+3).
   rF+:       It protects you from fire.
   rC+:       It protects you from cold.
   rElec:     It insulates you from electricity.
 T - the +3 hand axe of Winneis {drain, Str+3}
   (You found it on level 12 of the Dungeon)

   Str+3:     It affects your strength (+3).
Missiles
 i - an atropa-tipped dart (quivered)
 z - 3 javelins
 D - 5 silver javelins
Armour
 c - a +2 hat of willpower (worn)
 h - a +2 pair of gloves (worn)
 v - an orb of mayhem
 w - an orb of wrath
 y - a +2 pair of boots of rampaging (worn)
 A - the +0 plate armour "Yfokikk" (worn) {rPois rC+ Str+4}
   (You bought it in a shop on level 7 of the Dungeon)

   Str+4:     It affects your strength (+4).
   rC+:       It protects you from cold.
   rPois:     It protects you from poison
 F - a +2 cloak (worn)
 H - a +3 plate armour
 J - a +0 tower shield (worn)
 M - a +2 robe
Magical Staves
 K - a staff of earth
 U - a staff of cold
Jewellery
 d - a ring of willpower
 k - the ring of the Tortoise (left hand) {AC+8}
   (You found it on level 11 of the Dungeon)

   [ring of protection]

   AC+8:      It affects your AC (+8).
 p - a +4 ring of slaying (right hand)
 q - a ring of resist corrosion
 s - a ring of see invisible
 u - a ring of protection from cold
 C - a ring of positive energy
 G - an amulet of magic regeneration
 I - an amulet of reflection (around neck)
 R - the amulet of Xom's Best Wishes {RegenMP Harm ^Fragile Dex+3}
   (You found it on level 12 of the Dungeon)

   [amulet of magic regeneration]

   RegenMP:   It increases your rate of magic regeneration.
   Dex+3:     It affects your dexterity (+3).
   ^Fragile:  It will be destroyed if unequipped.
   Harm:      It increases damage dealt and taken.
Wands
 B - a wand of flame (10)
Scrolls
 b - a scroll of amnesia
 j - 2 scrolls of immolation
 E - 5 scrolls of identify
 N - a scroll of enchant armour
 P - a scroll of teleportation
 V - a scroll of fog
Potions
 f - 4 potions of mutation
 m - 4 potions of enlightenment
 r - 3 potions of resistance
 t - 4 potions of brilliance
 x - a potion of magic
 O - 2 potions of curing
Miscellaneous
 Q - a condenser vane
 S - a sack of spiders


   Skills:
 + Level 11.6 Fighting
 + Level 9.7 Short Blades
 + Level 9.7 Long Blades
 + Level 10.7 Axes
 + Level 9.7 Maces & Flails
 + Level 9.7 Polearms
 + Level 9.7 Staves
 + Level 9.7 Ranged Weapons
 + Level 9.7 Throwing
 + Level 11.6 Armour
 + Level 9.7 Dodging
 + Level 9.7 Stealth
 + Level 11.6 Shields
 + Level 9.7 Unarmed Combat
 + Level 9.7 Spellcasting
 + Level 8.1 Conjurations
 + Level 8.1 Hexes
 + Level 8.1 Summonings
 + Level 8.1 Necromancy
 + Level 8.1 Translocations
 + Level 8.1 Fire Magic
 + Level 8.1 Ice Magic
 + Level 8.1 Air Magic
 + Level 8.1 Earth Magic
 + Level 8.1 Alchemy
 + Level 10.6 Invocations
 + Level 9.7 Evocations
 + Level 8.9 Shapeshifting


You had 32 spell levels left.
You didn't know any spells.
Your spell library contained the following spells:

 Spells                   Type           Power      Damage    Failure   Level
 Kiss of Death            Conj/Necr      56%        2d9       22%         1
 Sandblast                Erth           28%        2d8       22%         1
 Mercury Vapours          Alch/Air       28%        N/A       32%         2
 Sublimation of Blood     Necr           14%        N/A       32%         2
 Confusing Touch          Hex            14%        N/A       54%         3
 Mephitic Cloud           Conj/Alch/Air  14%        N/A       54%         3
 Passwall                 Erth           14%        N/A       54%         3
 Stone Arrow              Conj/Erth      28%        3d8       54%         3
 Brom's Barrelling Bould  Conj/Erth      14%        2d4       91%         4
 Dispel Undead            Necr           14%        3d10      91%         4
 Olgreb's Toxic Radiance  Alch           14%        N/A       91%         4
 Passage of Golubria      Tloc           14%        N/A       91%         4
 Freezing Cloud           Conj/Ice/Air   7%         6-21      99%         5
 Yara's Violent Unravell  Hex/Alch       7%         3d5       99%         5
 Ozocubu's Refrigeration  Ice            7%         4d9       100%        7
 Discord                  Hex            7%         N/A       100%        8
 Call Imp                 Summ           Unusable   N/A       N/A         2
 Tukima's Dance           Hex            Unusable   N/A       N/A         3
 Summon Hydra             Summ           Unusable   N/A       N/A         7

Dungeon Overview and Level Annotations

Branches:
Dungeon (13/15)            Temple (1/1) D:6            Lair (0/5) D:10
    Orc (2/2) D:9             Elf (1/3) Orc:2         Sewer (visited)
 Vaults: D:13-14

Altars:
Ashenzari
Cheibriados
Dithmenos
Elyvilon
Fedhas
Gozag
Hepliaklqana
Kikubaaqudgha
Makhleb
Nemelex Xobeh
Okawaru
Qazlal
Ru
Sif Muna
Trog
Uskayaw
Vehumet
Wu Jian
Xom
Yredelemnul
Zin
The Shining One

Shops:
D:2 (   D:5 =   D:7 [   D:11 :   Orc:1 !   Orc:2 :([(


Innate Abilities, Weirdness & Mutations

You have very sharp teeth.
Your uncanny sense of smell can sniff out nearby items.
Your experience applies equally to all skills.
You have a pair of small horns on your head.
Your flesh is cold resistant. (rC+)
You are weak. (Str -2)


Message History

The meliai mumbles some strange prayers to its god against you.
Something smites you!
* * * LOW HITPOINT WARNING * * *
Okay, then.
Blink to where?
Press: ? - help, Dir - move target
Found 19 gold pieces.
As you read the scroll of blinking, it crumbles to dust.
The meliai hits you but does no damage. You block the meliai's attack.
You block the meliai's attack.
The meliai stings you but does no damage.
The meliai attacks as it pursues you! You block the meliai's attack.
The meliai barely misses you.
The meliai calls down the wrath of its god upon you.
Something smites you!
* * * LOW HITPOINT WARNING * * *
Okay, then.
As you read the scroll of fear, it crumbles to dust.
You assume a fearsome visage.
The meliai looks frightened! x2
You see here a +0 mace.
You feel like a meek peon again. You block the meliai's attack. x2
There is a stone staircase leading up here.
The meliai hits you but does no damage. You block the meliai's attack.
The meliai barely misses you.
The meliai stings you but does no damage.
You climb upwards.
There is a stone staircase leading down here.
You sock the meliai!
Your weapon exudes an aura of protection.
Your attack snaps the meliai out of its fear.
Your bite misses the meliai.
The meliai is severely wounded.
The meliai hits you but does no damage. You block the meliai's attack. x2
The meliai stings you but does no damage.
You hit the meliai but do no damage. Your bite misses the meliai.
The meliai is severely wounded.
The meliai invokes the aid of its god against you.
Something smites you!
You die...

#.# #.......)..##.## #.# #
#.# #........#.##.# #.# #
#.# ##.#.....#.##.# #.###
#.# #.###.###.##.# #.##.
#.####.###.# #..#.# #.#.#
#......<...# ##.#.# #..##
####...##### #.#.# #.##.
#.##########(#.#######....
#.##....y@..........####.#
#.##.#######.#.####.# ##.
#.##.# #.#....#.# ##
#.##.# #.####.#.### #.##.#
#..........#### #.##.#
######.#....... #.##.#
#.###.##.. #.##.# #.#
#.##.# #.##.# ########.#
#.##.#


You could see a meliai.

Vanquished Creatures
  The ghost of ggurman the Bludgeoner, a journeyman MiFi of Okawaru (Orc:1)
  An orc warlord (Orc:1)
  Nessos (D:12)
  The ghost of CapUranus the Cleaver, a journeyman HOFi of Gozag (D:9)
  2 ogre magi (Orc:2)
  2 hydras
  16 two-headed ogres
  A centaur warrior (D:12)
  A boulder beetle (D:12)
  An orc high priest (D:9)
  2 skeletal warriors (D:13)
  2 deep trolls
  5 orc knights
  3 orc sorcerers
  An obsidian statue (D:11)
  A deep elf zephyrmancer (D:12)
  2 deep elf pyromancers (D:12)
  2 manticores
  9 cyclopes
  A moth of wrath (Orc:1)
  3 ugly things
  2 meliai
  Joseph (D:7)
  2 gargoyles (D:12)
  Jeremiah (D:7)
  3 kobold demonologists (D:9)
  2 freezing wraiths (D:9)
  2 rime drakes
  A tengu conjurer (D:12)
  2 ice devils (D:12)
  16 trolls
  Prince Ribbit (D:8)
  A hornet (D:9)
  2 raiju (D:12)
  3 wraiths
  An air elemental (D:12)
  3 shadows
  A vampire (D:12)
  2 basilisks
  22 yaks
  4 wargs
  Grum (D:10)
  Eustachio (D:6)
  2 steam dragons
  An acid dragon (D:9)
  3 water moccasins
  Edmund (D:6)
  2 sky beasts
  17 orc warriors
  2 black bears (D:4)
  4 ice beasts
  4 laughing skulls (D:12)
  20 ogres
  3 wolves (D:10)
  3 centaurs
  3 phantoms
  Blork the orc (D:6)
  3 bullfrogs
  2 kobold brigands (D:9)
  A brain worm (Sewer)
  2 gnoll sergeants
  An earth elemental (D:12)
  A scorpion (D:6)
  9 wights (D:8)
  4 killer bees (D:9)
  9 howler monkeys
  A jelly (D:6)
  A crimson imp (D:8)
  8 orc priests
  3 bombardier beetles (D:6)
  3 iguanas
  13 orc wizards
  13 gnolls
  3 river rats (Sewer)
  12 adders
  A shadow imp (D:6)
  3 white imps
  6 ribbon worms
  4 dart slugs
  63 orcs
  8 ball pythons
  10 bats
  7 endoplasms
  10 giant cockroaches
  7 goblins
  5 hobgoblins
  9 jackals
  3 quokkas
  3 frilled lizards
  11 kobolds
  5 rats
442 creatures vanquished.

Vanquished Creatures (others)
  An orc wizard (D:7)
1 creature vanquished.

Grand Total: 443 creatures vanquished

Notes
Turn   | Place    | Note
-------+----------+-------------------------------------------
     0 | D:1      | RUZZLEFAZAZZLE the Gnoll Fighter began the quest for the
                  | Orb.
     0 | D:1      | Reached XP level 1. HP: 23/23 MP: 1/1
   107 | D:1      | Reached XP level 2. HP: 27/29 MP: 2/2
   585 | D:2      | Reached XP level 3. HP: 35/35 MP: 3/3
   658 | D:2      | Reached skill level 1 in Invocations
   816 | D:2      | Found Berim's Antique Weapon Shop.
   823 | D:2      | Reached skill level 1 in Short Blades
   823 | D:2      | Reached skill level 1 in Long Blades
   823 | D:2      | Reached skill level 1 in Maces & Flails
   823 | D:2      | Reached skill level 1 in Polearms
   823 | D:2      | Reached skill level 1 in Staves
   823 | D:2      | Reached skill level 1 in Ranged Weapons
   823 | D:2      | Reached skill level 1 in Throwing
   823 | D:2      | Reached skill level 1 in Dodging
   823 | D:2      | Reached skill level 1 in Stealth
   823 | D:2      | Reached skill level 1 in Unarmed Combat
   823 | D:2      | Reached skill level 1 in Spellcasting
   823 | D:2      | Reached skill level 1 in Evocations
   981 | D:2      | Reached skill level 1 in Shapeshifting
   981 | D:2      | Reached XP level 4. HP: 41/41 MP: 5/5
  1179 | D:3      | Reached skill level 1 in Conjurations
  1179 | D:3      | Reached skill level 1 in Hexes
  1179 | D:3      | Reached skill level 1 in Summonings
  1179 | D:3      | Reached skill level 1 in Necromancy
  1179 | D:3      | Reached skill level 1 in Translocations
  1179 | D:3      | Reached skill level 1 in Fire Magic
  1179 | D:3      | Reached skill level 1 in Ice Magic
  1179 | D:3      | Reached skill level 1 in Air Magic
  1179 | D:3      | Reached skill level 1 in Earth Magic
  1179 | D:3      | Reached skill level 1 in Alchemy
  1190 | D:3      | Found a glowing drain.
  1202 | Sewer    | Entered a sewer
  1278 | Sewer    | Reached XP level 5. HP: 47/47 MP: 7/7
  1497 | Sewer    | Reached XP level 6. HP: 44/53 MP: 8/8
  1814 | Sewer    | Reached skill level 5 in Axes
  1993 | D:3      | Gained mutation: You have sharp fingernails. [potion of
                  | mutation]
  3163 | D:4      | Reached XP level 7. HP: 19/60 MP: 10/10
  3481 | D:4      | Lost mutation: You have sharp fingernails. [potion of
                  | mutation]
  3481 | D:4      | Gained mutation: Your spells are a little easier to cast,
                  | but a little less powerful. [potion of mutation]
  3481 | D:4      | Gained mutation: You expend magic power (3 MP) to
                  | strengthen your wands. [potion of mutation]
  3776 | D:4      | Upgraded the game from 0.31.0-9-g3a7656b989 to
                  | 0.31.0-32-g396128a36d
  3791 | D:5      | Entered Level 5 of the Dungeon
  3922 | D:5      | Found Rynun's Jewellery Emporium.
  3935 | D:5      | Noticed a steam dragon
  3953 | D:5      | Killed a steam dragon
  4171 | D:4      | Reached XP level 8. HP: 35/67 MP: 12/12
  4751 | D:6      | Found a staircase to the Ecumenical Temple.
  4795 | Temple   | Entered the Ecumenical Temple
  4807 | Temple   | Became a worshipper of Warmaster Okawaru
  4846 | D:6      | Noticed Edmund
  4861 | D:6      | Killed Edmund
  4862 | D:6      | Reached XP level 9. HP: 62/73 MP: 14/14
  4936 | D:6      | Noticed Eustachio
  4952 | D:6      | Killed Eustachio
  4980 | D:6      | Noticed Blork the orc
  4992 | D:6      | Killed Blork the orc
  4992 | D:6      | Reached * piety under Okawaru
  5354 | D:7      | Noticed a green ugly thing
  5373 | D:7      | Killed a green ugly thing
  5735 | D:7      | Noticed Joseph
  5752 | D:7      | Killed Joseph
  5753 | D:7      | Reached skill level 5 in Invocations
  5851 | D:7      | Noticed Jeremiah
  5864 | D:7      | Reached ** piety under Okawaru
  5896 | D:7      | Killed Jeremiah
  5897 | D:7      | Reached skill level 5 in Short Blades
  5897 | D:7      | Reached skill level 5 in Long Blades
  5897 | D:7      | Reached skill level 5 in Maces & Flails
  5897 | D:7      | Reached skill level 5 in Polearms
  5897 | D:7      | Reached skill level 5 in Staves
  5897 | D:7      | Reached skill level 5 in Ranged Weapons
  5897 | D:7      | Reached skill level 5 in Throwing
  5897 | D:7      | Reached skill level 5 in Dodging
  5897 | D:7      | Reached skill level 5 in Stealth
  5897 | D:7      | Reached skill level 5 in Unarmed Combat
  5897 | D:7      | Reached skill level 5 in Spellcasting
  5897 | D:7      | Reached skill level 5 in Evocations
  5897 | D:7      | Reached XP level 10. HP: 39/81 MP: 17/17
  6377 | D:7      | Found Beank's Armour Boutique.
  6380 | D:7      | Bought a +2 pair of boots of rampaging for 322 gold pieces
  6935 | D:8      | Noticed a two-headed ogre
  6976 | D:8      | Lost mutation: You expend magic power (3 MP) to strengthen
                  | your wands. [potion of mutation]
  6976 | D:8      | Lost mutation: Your spells are a little easier to cast, but
                  | a little less powerful. [potion of mutation]
  6976 | D:8      | Gained mutation: You have a pair of small horns on your
                  | head. [potion of mutation]
  6976 | D:8      | Gained mutation: Your flesh is cold resistant. (rC+)
                  | [potion of mutation]
  7016 | D:8      | Killed a two-headed ogre
  7016 | D:8      | Reached *** piety under Okawaru
  7243 | D:8      | Reached skill level 5 in Shapeshifting
  7667 | D:8      | Found a burning altar of Makhleb.
  7843 | D:8      | Noticed Prince Ribbit
  7856 | D:8      | Killed Prince Ribbit
  7856 | D:8      | Reached **** piety under Okawaru
  8538 | D:9      | Paralysed by a hornet for 3 turns
  8705 | D:9      | Noticed a kobold demonologist
  8706 | D:9      | Noticed a kobold demonologist
  8706 | D:9      | Noticed a kobold demonologist
  8847 | D:9      | Noticed a soul eater
  8849 | D:9      | Killed a kobold demonologist
  8856 | D:9      | Killed a kobold demonologist
  8859 | D:9      | Gained mutation: You are weak. (Str -2) [a neqoxec]
  8861 | D:9      | Killed a kobold demonologist
  8862 | D:9      | Reached skill level 5 in Conjurations
  8862 | D:9      | Reached skill level 5 in Hexes
  8862 | D:9      | Reached skill level 5 in Summonings
  8862 | D:9      | Reached skill level 5 in Necromancy
  8862 | D:9      | Reached skill level 5 in Translocations
  8862 | D:9      | Reached skill level 5 in Fire Magic
  8862 | D:9      | Reached skill level 5 in Ice Magic
  8862 | D:9      | Reached skill level 5 in Air Magic
  8862 | D:9      | Reached skill level 5 in Earth Magic
  8862 | D:9      | Reached skill level 5 in Alchemy
  8862 | D:9      | Reached XP level 11. HP: 84/89 MP: 15/20
  9060 | D:9      | Found a runed translucent gate.
  9123 | D:9      | Reached ***** piety under Okawaru
  9655 | D:9      | Found a staircase to the Orcish Mines.
  9890 | D:9      | Found a runed translucent gate.
  9891 | D:9      | Found a runed translucent gate.
 10028 | D:9      | Noticed CapUranus's ghost (journeyman HOFi)
 10704 | D:9      | Killed CapUranus's ghost
 10704 | D:9      | Received a gift from Okawaru
 10764 | D:10     | Entered Level 10 of the Dungeon
 10886 | D:10     | Noticed Grum
 10900 | D:10     | Killed Grum
 11080 | D:10     | Noticed a two-headed ogre
 11089 | D:10     | Killed a two-headed ogre
 11356 | D:10     | Reached XP level 12. HP: 62/97 MP: 22/22
 11356 | D:10     | Found a staircase to the Lair.
 11907 | Orc:1    | Entered Level 1 of the Orcish Mines
 11908 | Orc:1    | Noticed an orc high priest
 11912 | Orc:1    | Noticed a sun demon
 12249 | D:9      | Killed an orc high priest
 12473 | Orc:2    | Entered Level 2 of the Orcish Mines
 12478 | Orc:1    | Paralysed by an orc sorcerer for 5 turns
 12491 | Orc:1    | Received a gift from Okawaru
 12612 | Orc:2    | Reached skill level 10 in Fighting
 12612 | Orc:2    | Reached skill level 10 in Armour
 12612 | Orc:2    | Reached skill level 10 in Shields
 12936 | Orc:2    | Found a staircase to the Elven Halls.
 13268 | Orc:2    | Found Gotrief's Antique Weapon Boutique.
 13269 | Orc:2    | Noticed a two-headed ogre
 13269 | Orc:2    | Noticed a two-headed ogre
 13270 | Orc:2    | Noticed an ogre mage
 13271 | Orc:2    | Noticed a two-headed ogre
 13279 | Orc:2    | Noticed a two-headed ogre
 13285 | Orc:2    | Noticed a two-headed ogre
 13288 | Orc:2    | Noticed a two-headed ogre
 13295 | Orc:2    | Killed a two-headed ogre
 13299 | Orc:2    | Killed a two-headed ogre
 13302 | Orc:2    | Received a gift from Okawaru
 13305 | Orc:2    | Noticed a two-headed ogre
 13307 | Orc:2    | Killed a two-headed ogre
 13312 | Orc:2    | Killed an ogre mage
 13312 | Orc:2    | Noticed a two-headed ogre
 13582 | Orc:1    | Killed a two-headed ogre
 13588 | Orc:1    | Killed a two-headed ogre
 13759 | D:9      | Killed a two-headed ogre
 13760 | D:9      | Reached XP level 13. HP: 23/104 MP: 25/25
 14270 | Orc:2    | Received a gift from Okawaru
 14323 | Orc:2    | Found Biyth's Antique Weapon Boutique.
 14324 | Orc:2    | Found Covvihy's Book Emporium.
 14335 | Orc:2    | Found Efaempem's Armour Shop.
 14709 | D:7      | Bought the +0 plate armour "Yfokikk" {rPois rC+ Str+4} for
                  | 744 gold pieces
 15110 | Orc:1    | Found a transporter.
 15140 | Orc:1    | Found a bloodstained altar of Trog.
 15140 | Orc:1    | Noticed ggurman's ghost (journeyman MiFi)
 15140 | Orc:1    | Noticed an orc warlord
 15159 | Orc:1    | Found a transporter.
 15266 | Orc:1    | You fall into a shaft and drop 1 floor!
 15320 | Orc:1    | Found Jodygg's Distillery.
 15589 | Orc:1    | Killed an orc warlord
 15590 | Orc:1    | HP: 1/105 [ggurman's ghost (12)]
 15917 | Orc:1    | Killed ggurman's ghost
 15918 | Orc:1    | Reached skill level 10 in Axes
 16067 | Elf:1    | Entered Level 1 of the Elven Halls
 16376 | D:11     | Found Buost's Book Emporium.
 16486 | D:11     | Found the ring of the Tortoise {AC+8}
 17092 | D:11     | Found a shimmering blue altar of Sif Muna.
 17794 | D:12     | Reached XP level 14. HP: 57/108 MP: 27/27
 17947 | D:12     | Reached skill level 10 in Invocations
 18026 | D:12     | Paralysed by an air elemental for 1 turns
 18661 | D:12     | Noticed Nessos
 18835 | D:12     | Killed Nessos
 19198 | D:12     | Identified the +3 hand axe of Winneis {drain, Str+3}
 19202 | D:12     | Identified the amulet of Xom's Best Wishes {RegenMP Harm
                  | ^Fragile Dex+3}
 19686 | D:12     | Killed from afar by a meliai

Illustrated notes

Levels and vault maps discovered:
D:1:      ebering_hopf_link, layout_basic
D:2:      layout_rooms, serial_shops, nicolae_shop_window_shopping,
          guppyfry_early_orc_mine
D:3:      layout_loops_ring, cheibrodos_sewer_entry_drain
D:4:      layout_basic
D:5:      layout_rooms, serial_shops, nicolae_shop_back_alley_shop
D:6:      layout_cave_pools, temple_fountains, hangedman_abyss_or_decor_stagger,
          uniq_blork_the_orc, uniq_edmund, uniq_eustachio
D:7:      layout_basic, enter_bailey_7, serial_shops,
          nicolae_shop_real_fake_doors, uniq_joseph, uniq_jeremiah
D:8:      layout_basic, makhleb_grotto_becter, uniq_prince_ribbit1
D:9:      layout_basic, david_orc_3, gammafunk_ghost_spectres
D:10:     layout_gridville, hellmonk_lair_entry_icy, uniq_grum
D:11:     layout_basic, serial_shops, shop, minivault_16,
          kennysheep_orc_sif_temple
D:12:     minmay_the_grid_triangle_9x9_line_8_mashed
          [minmay_the_grid_triangle_9x9_flanged_cone,
          minmay_the_grid_triangle_9x9_warning,
          minmay_the_grid_triangle_9x9_empty,
          minmay_the_grid_triangle_9x9_skeleton,
          minmay_the_grid_triangle_9x9_sprig,
          minmay_the_grid_triangle_9x9_odd_lines,
          minmay_the_grid_triangle_9x9_minimal,
          minmay_the_grid_triangle_9x9_prize_insulated], layout_loops_ring,
          dilly_guarded_unrand_elemental_staff, uniq_nessos
D:13:     layout_basic, kennysheep_generic_room_11
Temple:   nicolae_temple_bog_church
Orc:1:    layout_diamond_mine, serial_shops, shop,
          gammafunk_ghost_wrathful_warriors, basic_altar
Orc:2:    st_orc_open, layout_caves, basic_altar
Elf:1:    eino_elf_arrival_sip, layout_loops_ring, ebering_ghost_xom,
          hangedman_elven_crosses_minicolossus

Skill      XL: |  1  2  3  4  5  6  7  8  9 10 11 12 13 14 |
---------------+-------------------------------------------+-----
Invocations    | 1 2 3 4 5 6 7 8 9 10 | 10.6
Short Blades   | 1 2 3 5 6 7 8 9 |  9.7
Long Blades    | 1 2 3 5 6 7 8 9 |  9.7
Maces & Flails | 1 2 3 5 6 7 8 9 |  9.7
Polearms       | 1 2 3 5 6 7 8 9 |  9.7
Staves         | 1 2 3 5 6 7 8 9 |  9.7
Ranged Weapons | 1 2 3 5 6 7 8 9 |  9.7
Throwing       | 1 2 3 5 6 7 8 9 |  9.7
Dodging        | 1 2 3 5 6 7 8 9 |  9.7
Stealth        | 1 2 3 5 6 7 8 9 |  9.7
Unarmed Combat | 1 2 3 5 6 7 8 9 |  9.7
Spellcasting   | 1 2 3 5 6 7 8 9 |  9.7
Evocations     | 1 2 3 5 6 7 8 9 |  9.7
Shapeshifting  | 1 2 3 4 5 6 7 8 |  8.9
Conjurations   | 1 2 3 4 5 6 7 8 |  8.1
Hexes          | 1 2 3 4 5 6 7 8 |  8.1
Summonings     | 1 2 3 4 5 6 7 8 |  8.1
Necromancy     | 1 2 3 4 5 6 7 8 |  8.1
Translocations | 1 2 3 4 5 6 7 8 |  8.1
Fire Magic     | 1 2 3 4 5 6 7 8 |  8.1
Ice Magic      | 1 2 3 4 5 6 7 8 |  8.1
Air Magic      | 1 2 3 4 5 6 7 8 |  8.1
Earth Magic    | 1 2 3 4 5 6 7 8 |  8.1
Alchemy        | 1 2 3 4 5 6 7 8 |  8.1
Axes           | 5 6 7 8 9 10 | 10.7
Fighting       | 7 8 9 10 11 | 11.6
Armour         | 7 8 9 10 11 | 11.6
Shields        | 7 8 9 10 11 | 11.6

Action                     |  1- 3 |  4- 6 |  7- 9 | 10-12 | 13-15 || total
---------------------------+-------+-------+-------+-------+-------++-------
  Melee: War axe           |    85 |    13 |       |       |       ||    98
         Bite              |     3 |    21 |    34 |   103 |    92 ||   253
         Dagger            |       |   193 |       |       |       ||   193
         Flail             |       |    55 |   246 |   710 |   667 ||  1678
         Headbutt          |       |       |       |   158 |   163 ||   321
  Throw: Javelin           |       |       |       |       |     3 ||     3
         Dart              |       |       |       |       |     1 ||     1
 Invoke: Heroism           |       |       |       |     6 |    19 ||    25
         Finesse           |       |       |       |     3 |     9 ||    12
    Use: Scroll            |       |     9 |     6 |     7 |     4 ||    26
         Potion            |       |     1 |     7 |    12 |     4 ||    24
   Stab: Invisible         |       |       |       |     1 |       ||     1
 Armour: Scale mail        |    22 |       |       |       |       ||    22
         Chain mail        |    42 |   192 |   208 |   242 |       ||   684
         Plate armour      |       |       |       |   452 |   311 ||   763
  Dodge: Dodged            |    25 |    92 |    92 |   287 |   141 ||   637
  Block: Buckler           |    28 |    69 |    65 |    75 |       ||   237
         Kite shield       |       |       |       |   425 |   192 ||   617
         Tower shield      |       |       |       |       |   482 ||   482
         Reflection        |       |       |       |       |    18 ||    18
